 Dungeon Crawl Stone Soup version 0.30-a0-694-g3340775977 (webtiles) character file.

Game seed: 16336604736743000538

79743 Dartaoz the Severer (level 15, -50/138 HPs)
             Began as a Minotaur Fighter on Jan 20, 2023.
             Was a High Priest of Okawaru.
             Killed from afar by an ancient lich (55 damage)
             ... with a crystal spear
             ... on level 1 of the Abyss.
             The game lasted 00:56:37 (19457 turns).

Dartaoz the Severer (Minotaur Fighter)             Turns: 19457, Time: 00:56:38

Health: -50/138    AC: 24    Str: 26    XL:     15   Next: 21%
Magic:  19/21      EV: 15    Int:  5    God:    Okawaru [*****.]
Gold:   1836       SH: 14    Dex: 14    Spells: 14/14 levels left

rFire   . . .      SeeInvis .    a - +1 war axe (drain)
rCold   + . .      Faith    .    I - +0 kite shield
rNeg    . . .      Spirit   .    b - +6 storm dragon scales of Liberty {rElec rC+}
rPois   .          Reflect  .    V - +0 hat of the Worm {Will+ Dex+2}
rElec   +          Harm     .    w - +0 cloak
rCorr   +          Rampage  .    e - +0 pair of gloves
Will    +++..                    i - +2 pair of boots Stlth
                                 y - amulet of regeneration
HPRegen 0.00/turn                s - ring of resist corrosion
MPRegen 0.17/turn                u - ring of willpower

@: heroic, corroded, sick, unable to drink
A: horns 2, retaliatory headbutt, inability to drink after injury 1
a: Renounce Religion, Heroism, Finesse, Duel


You were on level 1 of the Abyss.
You worshipped Okawaru.
Okawaru was extremely pleased with you.
You visited 4 branches of the dungeon, and saw 21 of its levels.
You visited the Abyss 1 time.

You collected 2212 gold pieces.
You spent 376 gold pieces at shops.

Inventory:

Hand Weapons
 a - a +1 war axe of draining (weapon)
 O - a +0 morningstar
Missiles
 Q - 2 silver javelins (quivered)
 Y - 10 javelins
Armour
 b - the +6 storm dragon scales of Liberty (worn) {rElec rC+}
   (Okawaru gifted it to you on level 4 of the Lair of Beasts)

   rC:        It protects you from cold.
   rElec:     It insulates you from electricity.
 e - a +0 pair of gloves (worn)
 i - a +2 pair of boots (worn)
 q - a +0 pair of boots
 w - a +0 cloak (worn)
 I - a +0 kite shield (worn)
 N - a +0 chain mail
 V - the +0 hat of the Worm (worn) {Will+ Dex+2}
   (Okawaru gifted it to you on level 3 of the Lair of Beasts)

   Dex:       It affects your dexterity (+2).
   Will:      It increases your willpower.
Jewellery
 c - an amulet of guardian spirit
 s - a ring of resist corrosion (left hand)
 u - a ring of willpower (right hand)
 y - an amulet of regeneration (around neck)
 C - a ring of protection from fire
 H - a ring of protection from cold
Wands
 h - a wand of mindburst (5)
 x - a wand of paralysis (34)
 D - a wand of acid (12)
 G - a wand of iceblast (25)
 R - a wand of flame (7)
 U - a wand of polymorph (9)
Scrolls
 g - 7 scrolls of fear
 j - a scroll of torment
 n - 5 scrolls of teleportation
 o - a scroll of brand weapon
 B - a scroll of magic mapping
 F - a scroll of blinking
 L - 2 scrolls of enchant armour
 P - 2 scrolls of enchant weapon
 T - a scroll of vulnerability
 X - a scroll of silence
Potions
 d - 6 potions of might
 f - 13 potions of curing
 l - 4 potions of heal wounds
 v - 2 potions of resistance
 A - 2 potions of ambrosia
 J - a potion of invisibility
 M - 4 potions of haste
 S - a potion of brilliance
 W - a potion of flight


   Skills:
 + Level 14.2(19.2) Fighting
 + Level 16.0(21.0) Axes
 + Level 5.6(10.6) Throwing
 + Level 14.2(19.2) Armour
 - Level 10.0(15.0) Dodging
 + Level 13.4(18.4) Shields
 + Level 10.0 Invocations


You had 14 spell levels left.
You didn't know any spells.
Your spell library contained the following spells:

 Spells                   Type           Power      Damage    Failure   Level
 Magic Dart               Conj           0%         1d3       94%         1
 Blink                    Tloc           0%         N/A       98%         2
 Lesser Beckoning         Tloc           0%         N/A       98%         2
 Momentum Strike          Conj/Tloc      0%         3d8       98%         2
 Searing Ray              Conj           0%         2d4       98%         2
 Sublimation of Blood     Necr           0%         N/A       98%         2
 Wereblood                Tmut           0%         N/A       98%         2
 Gell's Gravitas          Tloc           0%         N/A       100%        3
 Inner Flame              Hex/Fire       0%         N/A       100%        3
 Teleport Other           Tloc           0%         N/A       100%        3
 Vhi's Electric Charge    Tloc/Air       0%         N/A       100%        3
 Anguish                  Hex/Necr       0%         N/A       100%        4
 Flame Wave               Conj/Fire      0%         2d4       100%        4
 Fulminant Prism          Conj/Hex       0%         3d5       100%        4
 Passage of Golubria      Tloc           0%         N/A       100%        4
 Petrify                  Tmut/Erth      0%         N/A       100%        4
 Sticky Flame             Conj/Fire      0%         2d3       100%        4
 Arcjolt                  Conj/Air       0%         1d10      100%        5
 Freezing Cloud           Conj/Ice/Air   0%         6-21      100%        5
 Metabolic Englaciation   Hex/Ice        0%         N/A       100%        5
 Yara's Violent Unravell  Hex/Tmut       0%         3d3       100%        5
 Statue Form              Tmut/Erth      0%         N/A       100%        6
 Enfeeble                 Hex            0%         N/A       100%        7
 Maxwell's Capacitive Co  Air            0%         ∞         100%        8
 Polar Vortex             Ice            0%         N/A       100%        9
 Tukima's Dance           Hex            Unusable   N/A       N/A         3
 Simulacrum               Ice/Necr       Unusable   N/A       N/A         6
 Summon Hydra             Summ           Unusable   N/A       N/A         7

Dungeon Overview and Level Annotations

Branches:
Dungeon (13/15)            Temple (1/1) D:6            Lair (5/5) D:11
  Swamp (0/4) Lair:3       Spider (0/4) Lair:2        Slime (0/5) Lair:4
    Orc (2/2) D:10            Elf (0/3) Orc:2        Vaults (0/5) D:13

Altars:
Ashenzari
Cheibriados
Dithmenos
Elyvilon
Fedhas
Gozag
Hepliaklqana
Kikubaaqudgha
Makhleb
Nemelex Xobeh
Okawaru
Qazlal
Ru
Sif Muna
Trog
Uskayaw
Vehumet
Wu Jian
Xom
Yredelemnul
Zin
The Shining One
Jiyva

Shops:
Orc:2 [*(=

Annotations:
D:12 1 runed translucent door
D:13 Sonja
Lair:2 3 runed translucent doors, Ruocep's ghost, journeyman TeAE


Innate Abilities, Weirdness & Mutations

You have a pair of horns on your head.
You reflexively headbutt those who attack you in melee.
You occasionally lose the ability to drink potions when taking damage.


Message History

Something touches you but does no damage.
You hit something.
Something touches you but does no damage.
You barely miss something. Your headbutt misses something.
Something touches you but does no damage.
You block the rakshasa's attack.
You miss something. Your headbutt misses something.
You hear some strange, mumbled words.
A crystal spear appears from out of thin air!
The crystal spear hits you!!!
You miss something. Your headbutt misses something.
Something touches you but does no damage.
The rakshasa hits you from afar with a +2 heavy trident!
* * * LOW HITPOINT WARNING * * *
You hear some strange, mumbled words.
A bolt of acid appears from out of thin air!
The bolt of acid hits you!! You resist.
* * * LOW HITPOINT WARNING * * *
You feel much better.
Something touches you but does no damage.
You block the rakshasa's attack.
You gain the combat prowess of a mighty hero.
Something touches you but does no damage.
You hear some strange, mumbled words.
A bolt of acid appears from out of thin air!
The bolt of acid hits you!! You resist.
You feel threatened and lose the ability to drink potions!
* * * LOW HITPOINT WARNING * * *
The acid corrodes you!
You hit something but do no damage. The rakshasa gestures at you.
The lance of force hits you but does no damage.
Something touches you!
* * * LOW HITPOINT WARNING * * *
You cannot drink potions in your current state!
You hit something. Your headbutt misses something.
You hear some strange, mumbled words.
A crystal spear appears from out of thin air!
The crystal spear hits you!!!
You die...

# . ..#. #
..# # # # .(#
. # . #..(#
### .... ## #
. . . #. .. .
. . . #{##
.##.## .
####@#...#.#.
. #..R.#..#.
..# #
...##......#
..# # #..
..## # #. .
##..##....#
#.._.#. .. #
.... #..##
#.## #x #
#.#. #. ###
##. # ..#


You could see a rakshasa.

Vanquished Creatures
  An orc warlord (Orc:1)
  An ironbound preserver (D:13)
  A reaper (Abyss:1)
  An ettin (Orc:1)
  Snorg (Orc:1)
  Josephine (D:11)
  4 hydras
  2 centaur warriors (D:13)
  An ogre mage (D:12)
  5 catoblepae
  5 boulder beetles
  3 death yaks
  6 two-headed ogres
  Urug (Lair:4)
  4 orc high priests (Orc:2)
  An orb spider (Lair:2)
  A bog body (Lair:3)
  Pikel (D:8)
  6 orc knights
  4 lindwurms
  3 deep elf pyromancers
  3 orc sorcerers
  4 manticores
  A worldbinder (Abyss:1)
  An oklob plant (Orc:2)
  An ugly thing (D:13)
  2 cyclopes
  8 black mambas
  7 elephants
  A dire elephant zombie (Abyss:1)
  3 torpor snails
  3 gargoyles
  11 cane toads
  2 unseen horrors
  3 rime drakes
  10 komodo dragons
  An efreet (D:12)
  A tengu conjurer (D:13)
  A silent spectre (Abyss:1)
  An ancient zyme (Abyss:1)
  A troll (Orc:1)
  5 polar bears
  Prince Ribbit (D:6)
  9 dream sheep (Lair:4)
  Grinder (D:6)
  9 blink frogs
  A raiju (Abyss:1)
  A snapping turtle (shapeshifter) (D:12)
  A centaur simulacrum (D:12)
  Sigmund (D:2)
  2 ynoxinuls (Abyss:1)
  5 slime creatures (D:13)
  5 wraiths
  A large abomination (Abyss:1)
  4 wyverns
  2 basilisks
  A neqoxec (Abyss:1)
  35 yaks
  2 vampire mosquitoes (D:12)
  Menkaure (D:6)
  3 steam dragons
  5 wargs
  An acid dragon (D:13)
  15 water moccasins
  33 orc warriors
  4 black bears
  5 ice beasts
  A sky beast (D:8)
  5 wolves
  11 ogres
  A centaur (D:10)
  2 phantoms
  A kobold brigand (D:9)
  13 bullfrogs
  3 gnoll sergeants (D:7)
  A necrophage (D:6)
  5 scorpions
  3 wights (D:10)
  19 killer bees
  2 electric eels
  6 howler monkeys
  3 jellies (D:7)
  31 orc priests
  3 hounds
  Crazy Yiuf (D:2)
  A gnoll bouda (D:6)
  Ijyb (D:5)
  43 orc wizards
  7 iguanas
  14 gnolls
  12 adders
  3 shadow imps
  3 white imps
  3 ufetubi
  A worm (D:2)
  2 dart slugs
  85 orcs
  3 bats
  2 endoplasms
  2 giant cockroaches (D:3)
  8 goblins
  4 hobgoblins
  5 jackals
  12 kobolds
  12 ball pythons
  7 frilled lizards
  5 rats
617 creatures vanquished.

Vanquished Creatures (others)
  An orc wizard (D:8)
  16 fungi
  31 plants
48 creatures vanquished.

Grand Total: 665 creatures vanquished

Notes
Turn   | Place    | Note
-------+----------+-------------------------------------------
     0 | D:1      | Dartaoz the Minotaur Fighter began the quest for the Orb.
     0 | D:1      | Reached XP level 1. HP: 19/19 MP: 0/0
    82 | D:1      | Reached XP level 2. HP: 22/27 MP: 1/1
   168 | D:1      | Reached skill level 3 in Axes
   352 | D:1      | Reached XP level 3. HP: 33/33 MP: 2/2
   532 | D:2      | Noticed a phantom
   542 | D:2      | Killed a phantom
   543 | D:2      | Reached skill level 5 in Axes
   543 | D:2      | Reached XP level 4. HP: 31/40 MP: 3/3
   658 | D:2      | Noticed Sigmund
   853 | D:2      | Killed Sigmund
   854 | D:2      | Reached skill level 7 in Axes
   854 | D:2      | Reached XP level 5. HP: 29/46 MP: 4/4
   854 | D:2      | Reached XP level 6. HP: 33/52 MP: 5/5
  1072 | D:2      | Identified the +4 sling of Shrieking Terror {drain, rCorr}
  1214 | D:2      | Found a runed translucent door.
  1215 | D:2      | Noticed Crazy Yiuf
  1282 | D:2      | You fall into a shaft and drop 2 floors!
  1292 | D:3      | Found a glowing silver altar of Zin.
  1300 | D:3      | Found a faded altar of an unknown god.
  1318 | D:4      | Reached skill level 8 in Axes
  1701 | D:2      | Killed Crazy Yiuf
  2087 | D:3      | Reached XP level 7. HP: 54/58 MP: 6/6
  2583 | D:4      | Reached skill level 9 in Axes
  2888 | D:5      | Entered Level 5 of the Dungeon
  2980 | D:5      | Reached skill level 1 in Dodging
  3053 | D:5      | Noticed Ijyb
  3066 | D:5      | Killed Ijyb
  3067 | D:5      | Reached XP level 8. HP: 67/67 MP: 7/7
  3070 | D:5      | Reached skill level 5 in Shields
  3093 | D:5      | Reached skill level 5 in Fighting
  3093 | D:5      | Reached skill level 5 in Armour
  3222 | D:5      | Found a blossoming altar of Fedhas.
  3222 | D:5      | Found a broken altar of Ashenzari.
  3395 | D:5      | Found a snail-covered altar of Cheibriados.
  3527 | D:6      | Reached skill level 10 in Axes
  3631 | D:6      | Found a staircase to the Ecumenical Temple.
  3644 | Temple   | Entered the Ecumenical Temple
  3790 | Temple   | Became a worshipper of Warmaster Okawaru
  3863 | D:6      | Noticed Grinder
  3870 | D:6      | Killed Grinder
  3871 | D:6      | Reached skill level 1 in Invocations
  3890 | D:6      | Noticed Menkaure
  3897 | D:6      | Killed Menkaure
  3898 | D:6      | Reached XP level 9. HP: 78/78 MP: 7/9
  4250 | D:6      | Noticed Prince Ribbit
  4267 | D:6      | Killed Prince Ribbit
  4267 | D:6      | Reached * piety under Okawaru
  4504 | D:6      | Reached skill level 5 in Dodging
  4988 | D:7      | Found a glowing golden altar of the Shining One.
  5059 | D:7      | Found a basalt altar of Yredelemnul.
  5065 | D:7      | Found a hide-covered altar of Uskayaw.
  5140 | D:7      | Reached ** piety under Okawaru
  5833 | D:7      | Reached skill level 12 in Axes
  5833 | D:7      | Reached XP level 10. HP: 91/91 MP: 11/11
  5894 | D:8      | Noticed Pikel
  5909 | D:8      | Killed Pikel
  5987 | D:8      | Reached XP level 11. HP: 97/97 MP: 12/12
  6337 | D:8      | Reached *** piety under Okawaru
  6937 | D:9      | Noticed a two-headed ogre
  6946 | D:9      | Killed a two-headed ogre
  7282 | D:9      | Found a shimmering blue altar of Sif Muna.
  7408 | D:10     | Entered Level 10 of the Dungeon
  8132 | D:10     | Reached skill level 10 in Fighting
  8142 | D:10     | Reached **** piety under Okawaru
  8143 | D:10     | Reached skill level 10 in Armour
  8586 | D:10     | Found a staircase to the Orcish Mines.
  8674 | D:10     | Noticed a two-headed ogre
  8682 | D:10     | Killed a two-headed ogre
  8683 | D:10     | Reached skill level 5 in Invocations
  9019 | D:11     | Noticed a two-headed ogre
  9028 | D:11     | Killed a two-headed ogre
  9180 | D:11     | Noticed a two-headed ogre
  9194 | D:11     | Killed a two-headed ogre
  9197 | D:11     | Reached skill level 13 in Axes
  9322 | D:11     | Noticed a two-headed ogre
  9331 | D:11     | Killed a two-headed ogre
  9332 | D:11     | Reached XP level 12. HP: 73/107 MP: 13/15
  9419 | D:11     | Found a staircase to the Lair.
  9424 | D:11     | Noticed a boulder beetle
  9454 | D:11     | Identified the +4 rapier of Boil {protect, Dex+4}
  9467 | D:11     | Killed a boulder beetle
  9727 | D:11     | Noticed Josephine
  9743 | D:11     | Killed Josephine
 10196 | D:12     | Reached ***** piety under Okawaru
 10213 | D:12     | Reached skill level 10 in Shields
 10516 | D:12     | Received a gift from Okawaru
 10642 | D:12     | Found a runed translucent door.
 10642 | D:12     | Noticed a yaktaur captain
 10642 | D:12     | Noticed a fire giant
 10642 | D:12     | Noticed a yaktaur captain
 10647 | D:12     | Noticed an ogre mage
 10656 | D:12     | Killed an ogre mage
 10871 | Lair:1   | Entered Level 1 of the Lair of Beasts
 11738 | Lair:2   | Noticed a four-headed hydra
 11747 | Lair:2   | Killed a four-headed hydra
 12201 | Lair:2   | Found a runed translucent gate.
 12202 | Lair:2   | Found a runed translucent gate.
 12203 | Lair:2   | Found a runed translucent gate.
 12203 | Lair:2   | Noticed a ten-headed hydra
 12203 | Lair:2   | Noticed Ruocep's ghost (journeyman TeAE)
 12204 | Lair:2   | Noticed a 13-headed hydra
 12402 | Lair:2   | Found a hole to the Spider Nest.
 12531 | Lair:2   | Reached skill level 10 in Dodging
 12540 | Lair:2   | Reached XP level 13. HP: 98/117 MP: 15/17
 13003 | Lair:3   | Found a gate leading to a gauntlet.
 13067 | Lair:3   | Identified the +0 hat of the Worm {Will+ Dex+2} (Okawaru
                  | gifted it to you on level 3 of the Lair of Beasts)
 13067 | Lair:3   | Received a gift from Okawaru
 13080 | Lair:3   | Reached skill level 14 in Axes
 13913 | Lair:3   | Found a staircase to the Swamp.
 14319 | Lair:4   | Identified the +3 quarterstaff "Ibin" {heavy, Str+3}
 14546 | Lair:4   | Noticed Urug
 14568 | Lair:4   | Killed Urug
 14725 | Lair:4   | Reached skill level 1 in Throwing
 14888 | Lair:4   | Found a viscous altar of Jiyva.
 14889 | Lair:4   | Found a staircase to the Slime Pits.
 14987 | Lair:4   | Identified the +6 storm dragon scales of Liberty {rElec
                  | rC+} (Okawaru gifted it to you on level 4 of the Lair of
                  | Beasts)
 14987 | Lair:4   | Received a gift from Okawaru
 15113 | Lair:5   | Entered Level 5 of the Lair of Beasts
 15276 | Lair:5   | Reached XP level 14. HP: 113/127 MP: 19/19
 15398 | Lair:5   | Reached skill level 15 in Axes
 16434 | Orc:1    | Entered Level 1 of the Orcish Mines
 16458 | Orc:1    | Received a gift from Okawaru
 16483 | Orc:1    | Noticed Snorg
 16501 | Orc:1    | Killed Snorg
 16687 | Orc:2    | Entered Level 2 of the Orcish Mines
 16711 | Orc:2    | Noticed an orc warlord
 16748 | Orc:1    | Killed an orc warlord
 16928 | Orc:2    | Received a gift from Okawaru
 17197 | Orc:2    | Gained mutation: You occasionally lose the ability to drink
                  | potions when taking damage. [a neqoxec]
 17277 | Orc:1    | Received a gift from Okawaru
 17586 | Orc:2    | Found a staircase to the Elven Halls.
 17692 | Orc:2    | Found Ogryud's General Store.
 17693 | Orc:2    | Found Ujoadecs's Jewellery Shop.
 17695 | Orc:2    | Found Caump's Antique Armour Boutique.
 17695 | Orc:2    | Found Yfiotaq's Antique Weapon Boutique.
 17700 | Orc:2    | Bought a pair of glowing boots for 187 gold pieces
 17720 | Orc:2    | Bought a scroll of torment for 133 gold pieces
 17720 | Orc:2    | Bought a potion of might for 56 gold pieces
 17741 | Orc:2    | Received a gift from Okawaru
 18113 | D:13     | Received a gift from Okawaru
 18114 | D:13     | Reached skill level 5 in Throwing
 18581 | D:13     | Reached XP level 15. HP: 138/138 MP: 21/21
 18713 | D:13     | Identified the +11 spear of the Enchanting King {vamp, rF+
                  | Dex+4}
 18955 | D:13     | Found a gate to the Vaults.
 19191 | D:13     | Noticed Sonja
 19201 | Abyss:1  | Cast into level 1 of the Abyss (Sonja)
 19225 | Abyss:1  | Found a corrupted altar of Lugonu.
 19286 | Abyss:1  | Received a gift from Okawaru
 19296 | Abyss:1  | Reached skill level 16 in Axes
 19343 | Abyss:1  | Found a corrupted altar of Lugonu.
 19413 | Abyss:1  | Reached skill level 10 in Invocations
 19437 | Abyss:1  | Noticed an ancient lich
 19456 | Abyss:1  | HP: 5/138 [something (7)]
 19457 | Abyss:1  | Killed from afar by an ancient lich

Illustrated notes

Levels and vault maps discovered:
D:1:      doesnt_arrival_eight_statues, layout_rooms
D:2:      layout_loops_cross, chequers_decorated_corner, minmay_misc_feat_five,
          minmay_shallow_snake_nest, uniq_crazy_yiuf_cottage, uniq_sigmund
D:3:      layout_loops_ring, nicolae_overflow_ecumenical_swirl
D:4:      layout_rooms, minmay_curled_crystal
D:5:      layout_rooms, general_overflow_altar,
          gammafunk_temple_overflow_statue, uniq_ijyb
D:6:      layout_layer_cave, minmay_temple_entry_steel_oval,
          nicolae_figureground_pulse, uniq_menkaure, uniq_prince_ribbit1,
          uniq_grinder
D:7:      layout_loops_ring, tso_metal_star, minitemple, minmay_between
D:8:      layout_basic, uniq_pikel
D:9:      layout_stronghold, led_sif_book
D:10:     layout_basic, erik_orc_2
D:11:     layout_irregular_city, erik_lair_orcish_takeover, uniq_josephine
D:12:     layout_cave_pools, serial_park_tiny_2, minmay_hidden_floor
D:13:     layout_stronghold, skrybe_vaults_entry_preservation, uniq_sonja
Temple:   eino_narrow_crystal_temple
Lair:1:   layout_regular_city
Lair:2:   layout_hall_layers, nicolae_spider_entry_orb_guardian,
          gammafunk_ghost_hydra_chop, chequers_serial_rivers_large_b,
          minmay_lindwurm_lava
Lair:3:   nzn_winding_woodlands_large [nzn_winding_woodlands_5x5_three,
          nzn_winding_woodlands_5x15_concentric,
          nzn_winding_woodlands_5x5_checkerboard,
          nzn_winding_woodlands_center_lodge,
          nzn_winding_woodlands_15x15_killbox,
          nzn_winding_woodlands_center_garden, nzn_winding_woodlands_5x5_cross,
          nzn_winding_woodlands_5x15_river_crossing,
          nzn_winding_woodlands_5x5_closed_star], layout_gridlike,
          nicolae_swamp_entry_splash_gauntlet, gauntlet_entry_generic,
          serial_bayou_pond_b
Lair:4:   layout_long_grid, dpeg_slime_entry_enclosed, uniq_urug
Lair:5:   hangedman_lair_in_review, layout_cellular_growth
Orc:1:    layout_caves, uniq_snorg
Orc:2:    st_orc_congregation, layout_caves, mines3_lemuel
Abyss:1:  base:
D:15

Skill      XL: |  1  2  3  4  5  6  7  8  9 10 11 12 13 14 15 |
---------------+----------------------------------------------+-----
Axes           | 3 5 7 8 9 10 12 13 14 15 16 | 16.0
Fighting       | 4 6 9 10 11 12 14 | 14.2
Armour         | 4 6 9 10 11 12 14 | 14.2
Shields        | 4 5 7 8 9 10 12 13 | 13.4
Dodging        | 2 4 7 8 10 | 10.0
Invocations    | 1 3 5 7 8 9 10 | 10.0
Throwing       | 2 5 |  5.6

Action                   |  1- 3 |  4- 6 |  7- 9 | 10-12 | 13-15 || total
-------------------------+-------+-------+-------+-------+-------++-------
Melee: War axe           |    49 |    98 |   252 |   611 |   962 ||  1972
       Headbutt          |     4 |    10 |    31 |   158 |   263 ||   466
       Morningstar       |       |       |       |     5 |    21 ||    26
Throw: Javelin           |       |       |       |       |    10 ||    10
Invok: Heroism           |       |       |       |    13 |    19 ||    32
  Use: Scroll            |       |       |     9 |    14 |     5 ||    28
       Potion            |       |       |     1 |     4 |     3 ||     8
 Stab: Petrified         |       |       |       |       |    10 ||    10
       Petrifying        |       |       |       |       |     3 ||     3
Armor: Scale mail        |    20 |    41 |   106 |    36 |       ||   203
       Chain mail        |       |       |       |   186 |    89 ||   275
       Storm dragon scal |       |       |       |       |   309 ||   309
Dodge: Dodged            |    23 |    52 |   116 |   253 |   358 ||   802
Block: Buckler           |    15 |    20 |    45 |    55 |       ||   135
       Kite shield       |       |       |       |   177 |   604 ||   781

Table legend: (Time is in decaauts)
 A = Elapsed time spent in this place.
 B = Non-inter-level travel time spent in this place.
 C = Inter-level travel time spent in this place.
 D = Time resting spent in this place.
 E = Time spent auto-exploring this place.
 F = Levels seen in this place.
 G = Mean time per level.
                   A        B        C        D        E       F      G
               +--------+--------+--------+--------+--------+-----+--------+
         Total |  19338 |  18565 |    773 |    231 |  14585 |  22 |  879.0 |
       Dungeon |  12029 |  11503 |    526 |    100 |   9275 |  13 |  925.3 |
        Temple |    152 |    138 |     14 |      0 |    130 |   1 |  152.0 |
          Lair |   5464 |   5292 |    172 |      0 |   4249 |   5 | 1092.8 |
  Orcish Mines |   1450 |   1390 |     60 |    131 |    820 |   2 |  725.0 |
         Abyss |    240 |    240 |      0 |      0 |    111 |   1 |  240.0 |
               +--------+--------+--------+--------+--------+-----+--------+

Top non-repeatable levels by time:
  Lair:3: 1434 daAuts
     D:9: 1235 daAuts
  Lair:2: 1230 daAuts
     D:2: 1204 daAuts
  Lair:5: 1179 daAuts
     D:6: 1154 daAuts
    D:13: 1141 daAuts
    D:11: 1101 daAuts
    D:10: 1050 daAuts
     D:7: 1041 daAuts
     D:8: 918 daAuts
  Lair:4: 869 daAuts
    D:12: 837 daAuts
   Orc:2: 811 daAuts
  Lair:1: 751 daAuts
